 Dungeon Crawl Stone Soup version 0.30-a0-364-gf6b3ef1049 (webtiles) character file.

Game seed: 7842628083488593244

2352 ytrimaz the Protected (level 9, -2/64 HPs)
             Began as a Formicid Fighter on Nov 15, 2022.
             Was an Elder of Jiyva.
             Slain by Joseph
             ... wielding a +5 quarterstaff of speed
              (17 damage)
             ... on level 8 of the Dungeon.
             The game lasted 00:07:13 (6148 turns).

ytrimaz the Protected (Formicid Fighter)            Turns: 6148, Time: 00:07:14

Health: -2/64      AC:  8    Str: 31    XL:     9   Next: 71%
Magic:  9/9        EV: 14    Int: 11    God:    Jiyva [****..]
Gold:   366        SH:  5    Dex: 10    Spells: 8/8 levels left

rFire   . . .      SeeInvis +    a - +1 war axe
rCold   . . .      Faith    .    c - +1 buckler
rNeg    . . .      Spirit   .    b - +0 scale mail
rPois   .          Reflect  .    (helmet unavailable)
rElec   .          Harm     .    (no cloak)
rCorr   +          Rampage  .    (no gloves)
Will    .....                    (no boots)
Stlth   ..........               g - amulet of the acrobat
HPRegen 1.58/turn                t - +4 ring of evasion
MPRegen 0.51/turn                j - ring of flight

@: mighty, flying
A: permanent stasis, dig shafts and tunnels, antennae 3, four strong arms,
clever 1, strong 2, evolution 2
a: Dig, Shaft Self, Renounce Religion, Oozemancy, Slimify


You were on level 8 of the Dungeon.
You worshipped Jiyva.
Jiyva was greatly pleased with you.
You visited 1 branch of the dungeon, and saw 8 of its levels.
You also visited: Sewer.

You collected 366 gold pieces.


Innate Abilities, Weirdness & Mutations

You cannot be hasted, slowed, berserked, paralysed or teleported.
You can dig through walls and to a lower floor.
You have a pair of large antennae on your head. (SInv)
Your four strong arms can wield two-handed weapons with a shield.
Your mind is acute. (Int +4, Str/Dex -1)
Your muscles are very strong. (Str +8, Int/Dex -2)
You have great hidden genetic potential.


   Skills:
 - Level 3.2 Fighting
 + Level 9.0 Axes
 + Level 10.1 Armour
 - Level 4.0 Shields


You had 8 spell levels left.
You didn't know any spells.
Your spell library contained the following spells:

 Spells                   Type           Power      Damage    Failure   Level
 Apportation              Tloc           0%         N/A       61%         1
 Shock                    Conj/Air       0%         1d3       61%         1
 Airstrike                Air            0%         2d(0-16)  100%        4
 Alistair's Intoxication  Tmut/Pois      0%         N/A       100%        5
 Iskenderun's Battlesphe  Conj           0%         2d6       100%        5
 Iron Shot                Conj/Erth      0%         9d1       100%        6
 Spellforged Servitor     Conj/Summ      0%         N/A       100%        7
 Swiftness                Air            Unusable   N/A       N/A         3

Inventory:

Hand Weapons
 a - a +1 war axe (weapon)
 q - a +0 battleaxe
   (You took it off a wight on level 7 of the Dungeon)
Armour
 b - a +0 scale mail (worn)
 c - a +1 buckler (worn)
Jewellery
 g - an amulet of the acrobat (around neck)
   (You found it on level 6 of the Dungeon)
 j - a ring of flight (right hand)
   (You found it on level 2 of the Dungeon)
 r - a +6 ring of intelligence
   (You found it on level 5 of the Dungeon)
 t - a +4 ring of evasion (left hand)
   (You found it on level 5 of the Dungeon)
 u - an amulet of faith
   (You found it on level 5 of the Dungeon)
Wands
 w - a wand of paralysis (6)
   (You found it on level 8 of the Dungeon)
Scrolls
 m - a scroll of magic mapping
 v - a scroll of fear {unknown}
Potions
 d - 2 potions of might
 e - a potion of flight {unknown}
 f - 2 potions of brilliance
 h - 6 potions of heal wounds {unknown}
 i - 2 potions of ambrosia {unknown}
 k - a potion of degeneration {unknown}
 l - 5 potions of curing {unknown}
 n - a potion of haste {unknown}
 o - a potion of cancellation {unknown}
 p - a potion of magic {unknown}
 s - a potion of attraction {unknown}

Dungeon Overview and Level Annotations

Branches:
Dungeon (8/15) Zot: 26918  Temple (0/1) D:6           Sewer (visited)
   Lair: D:8-11

Altars:
Fedhas
Xom

Shops:
D:2 [   D:4 (

Annotations:
D:8 1 runed translucent door, Joseph; arthad's ghost, novice GnEE

...<... .# ....... .##
{ ....... ...
.......#... ##
..?....#.# #. #..#
#....# ###.##..#
#....#.# #.#...@..#
##.#..#.# #......@#
#..#..#.#
.....##.#####..#....##
... #................#
#.........##.........#
....###+####.....<...#
### #.(W###........##{
##.##.#........#{
###...........# ######
###......####


You could see Joseph, a +3 long sword of chaos and arthad's ghost.


Message History

The kobold brigand hits you with a +0 short sword.
* * * LOW HITPOINT WARNING * * *
😨 HP[-4]
You take 4 damage, and now have 26/64 hp.
You barely miss the kobold brigand.
The kobold brigand hits you with a +0 short sword.
* * * LOW HITPOINT WARNING * * *
😨 HP[+1] Unknown command.
You barely miss the kobold brigand.
The kobold brigand barely misses you. 😨 HP[+2]
You regained 2 hp, and now have 29/64 hp.
You closely miss the kobold brigand.
The kobold brigand hits you but does no damage. 😨 HP[+1] Unknown command.
You slash the kobold brigand! The kobold brigand closely misses you.
The kobold brigand hits you with a +0 short sword.
* * * LOW HITPOINT WARNING * * *
😨 HP[-2]
You take 2 damage, and now have 28/64 hp.
You slash the kobold brigand!
You kill the kobold brigand!
Your Axes skill increases to level 9! 😨 HP[+2]
You regained 2 hp, and now have 30/64 hp.
Unknown command.
Things that are here:
a +0 short sword; 5 poisoned darts; 😨 HP[+1] 😮 HP[+2]
You regained 2 hp, and now have 33/64 hp.
Things that are here:
a +0 dagger; 3 stones; a kobold corpse; 😮 HP[+1] 😮 HP[+2]
You regained 2 hp, and now have 36/64 hp. 😮 HP[+2]
You regained 2 hp, and now have 38/64 hp.
You now have 366 gold pieces (gained 14). 😮 HP[+3]
You regained 3 hp, and now have 41/64 hp. 😮 HP[+1]
You hear a distant slurping noise. 😮 HP[+2]
You regained 2 hp, and now have 44/64 hp. 😮 HP[+2]
You regained 2 hp, and now have 46/64 hp. 😮 HP[+1] 😕 HP[+2]
You regained 2 hp, and now have 49/64 hp. 😕 HP[+1] 😕 HP[+2]
You regained 2 hp, and now have 52/64 hp. 😕 HP[+1] 😕 HP[+2]
You regained 2 hp, and now have 55/64 hp. 😕 HP[+2]
You regained 2 hp, and now have 57/64 hp. 😕 HP[+1] 😕 HP[+2]
You regained 2 hp, and now have 60/64 hp. 😕 HP[+1] 😕 HP[+2]
You regained 2 hp, and now have 63/64 hp. 😎 HP[+1]
Your hp is fully restored (64).
You hear a distant slurping noise.
Okay, then.
Found a forked lead wand.
Found a stone staircase leading up.
You hear a distant slurping noise.
w - a wand of paralysis (6)
Found a stone staircase leading up.
l - 5 bubbling yellow potions (gained 1)
Found a shimmering altar of Xom.
You sense a monster nearby.
Joseph, a Mercenary comes into view.
He is wielding a +5 quarterstaff of speed.
Joseph shouts!
Arthad's ghost says, "What do you have that I didn't have?"
Joseph unwields a +5 quarterstaff of speed.
Joseph wields a +0 sling.
Joseph shoots a sling bullet.
The sling bullet completely misses you.
You closely miss Joseph.
Joseph unwields a +0 sling.
Joseph wields a +5 quarterstaff of speed.
Joseph hits you with a +5 quarterstaff of speed!!
Joseph hits you with a +5 quarterstaff of speed! 😮 HP[-31]
You take 31 damage, and now have 33/64 hp.
MASSIVE DAMAGE!! (PAUSE)
You barely miss Joseph. Joseph barely misses you. 😮 HP[+1]
You slice Joseph!! You block Joseph's attack.
Joseph hits you with a +5 quarterstaff of speed!
* * * LOW HITPOINT WARNING * * *
😨 HP[-10]
You take 10 damage, and now have 24/64 hp.
Unknown command.
You feel very mighty all of a sudden.
Joseph hits you with a +5 quarterstaff of speed!
* * * LOW HITPOINT WARNING * * *
Joseph hits you with a +5 quarterstaff of speed!
You die...

Skill      XL: |  1  2  3  4  5  6  7  8  9 |
---------------+----------------------------+-----
Armour         | 4 5 6 7 8 10 | 10.1
Axes           | 3 4 5 6 7 9 |  9.0
Fighting       | |  3.2
Shields        | |  4.0

Action                   |  1- 3 |  4- 6 |  7- 9 || total
-------------------------+-------+-------+-------++-------
Melee: War axe           |    89 |   199 |   242 ||   530
  Use: Scroll            |       |     6 |     3 ||     9
       Potion            |       |     2 |     1 ||     3
Armor: Scale mail        |    45 |   102 |    76 ||   223
Dodge: Dodged            |    55 |    97 |   181 ||   333
Block: Buckler           |    23 |    56 |    59 ||   138

Levels and vault maps discovered:
D:1:      erik_arrival_blinker_ship, layout_basic,
          chequers_serial_rivers_room_a, nicolae_kite_square_tiling_tiny,
          chequers_big_river, minmay_fountain_box, st_stairs_6
D:2:      minmay_roachtagon, layout_loops_cross, serial_shops, shop
D:3:      layout_basic, cheibrodos_sewer_entry_bend, dk_noncrumbling_4,
          minmay_ogre_servants
D:4:      layout_basic, fedhas_altar_2, serial_shops,
          nicolae_shop_bloodbath_and_beyond, grunt_decor_resistance
D:5:      layout_loops_ring, solitary_fountain
D:6:      layout_cave_pods, minmay_temple_entry_butterflies, uniq_eustachio,
          uniq_prince_ribbit1
D:7:      layout_loops_ring
D:8:      kennysheep_six_static_rooms, layout_rooms, enter_bailey_2,
          ebering_ghost_xom, uniq_joseph

Notes
Turn   | Place    | Note
-------+----------+-------------------------------------------
     0 | D:1      | ytrimaz the Formicid Fighter began the quest for the Orb.
     0 | D:1      | Reached XP level 1. HP: 18/18 MP: 1/1
     0 | D:1      | magus.rc [v1.9.6]
    69 | D:1      | Reached XP level 2. HP: 24/24 MP: 2/2
    83 | D:1      | You pick up a book of Air and begin reading...
    83 | D:1      | You add the spells Shock and Airstrike to your library.
   282 | D:1      | Reached XP level 3. HP: 29/29 MP: 3/3
   423 | D:1      | Reached skill level 4 in Armour
   663 | D:1      | Reached skill level 3 in Axes
  1326 | D:2      | Reached XP level 4. HP: 35/35 MP: 4/4
  1602 | D:2      | You pick up a book of Party Tricks and begin reading...
  1602 | D:2      | You add the spells Apportation and Alistair's Intoxication
                  | to your library.
  1707 | D:2      | Found Moenefel's Antique Armour Shoppe.
  2115 | D:3      | You pick up a book of Power and begin reading...
  2115 | D:3      | You add the spells Iskenderun's Battlesphere, Iron Shot and
                  | Spellforged Servitor to your library.
  2173 | D:3      | Noticed an ogre
  2175 | D:3      | Reached XP level 5. HP: 41/41 MP: 5/5
  2179 | D:3      | Killed an ogre
  2180 | D:3      | Reached skill level 4 in Axes
  2180 | D:3      | Reached skill level 5 in Armour
  2185 | D:3      | Reached XP level 6. HP: 46/47 MP: 6/6
  2230 | D:3      | Found a glowing drain.
  2256 | Sewer    | Entered a sewer
  2585 | Sewer    | Found a viscous altar of Jiyva.
  2832 | Sewer    | Became a worshipper of Jiyva Jedgh the Shapeless
  3102 | D:3      | Reached * piety under Jiyva
  3301 | D:4      | Found a blossoming altar of Fedhas.
  3323 | D:4      | Reached skill level 6 in Armour
  3599 | D:4      | Found Ikofewk's Weapon Shoppe.
  3784 | D:4      | Reached skill level 5 in Axes
  3838 | D:5      | Entered Level 5 of the Dungeon
  3846 | D:5      | Noticed an ogre
  3847 | D:5      | Reached XP level 7. HP: 52/52 MP: 7/7
  3871 | D:5      | Reached ** piety under Jiyva
  4165 | D:5      | Reached skill level 6 in Axes
  4165 | D:5      | Reached skill level 7 in Armour
  4202 | D:5      | Reached XP level 8. HP: 45/58 MP: 8/8
  4574 | D:6      | Reached *** piety under Jiyva
  4590 | D:6      | Found a staircase to the Ecumenical Temple.
  4869 | D:6      | Gained mutation: You have hidden genetic potential.
                  | [Jiyva's grace]
  4869 | D:6      | Gained mutation: You have great hidden genetic potential.
                  | [Jiyva's grace]
  4869 | D:6      | Gained mutation: Your muscles are strong. (Str +4, Int/Dex
                  | -1) [Jiyva's grace]
  4869 | D:6      | Gained mutation: Your muscles are very strong. (Str +8,
                  | Int/Dex -2) [Jiyva's grace]
  4940 | D:6      | Noticed Eustachio
  4963 | D:6      | Killed Eustachio
  4964 | D:6      | Reached skill level 7 in Axes
  4964 | D:6      | Reached skill level 8 in Armour
  5207 | D:6      | Noticed Prince Ribbit
  5225 | D:6      | Killed Prince Ribbit
  5268 | D:6      | Reached XP level 9. HP: 63/64 MP: 9/9
  5346 | D:6      | Reached **** piety under Jiyva
  5457 | D:7      | Reached skill level 9 in Armour
  5462 | D:7      | Reached skill level 8 in Axes
  5483 | D:7      | Gained mutation: Your mind is acute. (Int +4, Str/Dex -1)
                  | [hidden potential]
  6084 | D:8      | Reached skill level 10 in Armour
  6091 | D:8      | Reached skill level 9 in Axes
  6131 | D:8      | Found a runed translucent door.
  6138 | D:8      | Found a shimmering altar of Xom.
  6138 | D:8      | Noticed arthad's ghost (novice GnEE)
  6139 | D:8      | Noticed a +3 long sword of chaos
  6141 | D:8      | Noticed Joseph
  6148 | D:8      | HP: 15/64 [Joseph/+5 quarterstaff of speed (11)]
  6148 | D:8      | Slain by Joseph

Vanquished Creatures
  Prince Ribbit (D:6)
  Eustachio (D:6)
  2 steam dragons
  A sky beast (D:7)
  An ice beast (D:7)
  2 ogres
  A phantom (D:5)
  A kobold brigand (D:8)
  3 bullfrogs
  A necrophage (D:5)
  A scorpion (D:6)
  5 wights (D:7)
  4 howler monkeys
  2 jellies (Sewer)
  A gnoll bouda (D:6)
  2 hounds
  4 iguanas
  3 orc wizards
  3 gnolls (D:6)
  4 adders
  2 river rats (Sewer)
  A white imp (D:5)
  2 ufetubi
  5 worms
  A dart slug (D:1)
  12 orcs
  11 ball pythons
  6 bats
  13 endoplasms
  15 giant cockroaches
  10 hobgoblins
  4 jackals (D:1)
  A quokka (D:2)
  6 frilled lizards
  11 goblins
  9 kobolds
  7 rats
159 creatures vanquished.

Vanquished Creatures (others)
  A steam dragon (D:6)
  A water moccasin (D:8)
  A kobold brigand (D:7)
  A howler monkey (D:7)
  An orc priest (D:6)
  A hound (D:7)
  7 jellies
  2 iguanas
  3 orc wizards (D:3)
  An adder (D:4)
  8 orcs
  A bat (D:3)
  An endoplasm (D:4)
  A hobgoblin (D:3)
  9 kobolds
  A plant (D:1)
40 creatures vanquished.

Grand Total: 199 creatures vanquished

Table legend:
 A = Non-vault XP
 B = Vault XP
 C = Vault XP percentage of total XP
 D = Non-vault monster count
 E = Vault monster count
 F = Vault count percentage of total count
                 A         B        C        D         E       F
            +---------+---------+-------+---------+---------+-------
      Total |    2596 |     765 |  22.8 |     113 |      46 |  28.9
            +---------+---------+-------+---------+---------+-------
        D:1 |      55 |       3 |   5.2 |      31 |       2 |   6.1
        D:2 |      49 |      20 |  29.0 |      20 |      10 |  33.3
        D:3 |      59 |     139 |  70.2 |      10 |      10 |  50.0
        D:4 |      16 |       0 |   0.0 |       3 |       0 |   0.0
        D:5 |     538 |       0 |   0.0 |      11 |       0 |   0.0
        D:6 |     499 |     446 |  47.2 |      11 |       2 |  15.4
        D:7 |    1091 |       0 |   0.0 |      23 |       0 |   0.0
        D:8 |     289 |       0 |   0.0 |       4 |       0 |   0.0
      Sewer |       0 |     157 | 100.0 |       0 |      22 | 100.0
            +---------+---------+-------+---------+---------+-------

Illustrated notes

Table legend:
 A = Kills in this place as a percentage of kills in entire the game.
 B = Kills by you in this place as a percentage of kills by you in the entire game.
 C = Kills by friends in this place as a percentage of kills by friends in the entire game.
 D = Other kills in this place as a percentage of other kills in the entire game.
 E = Experience gained in this place as a percentage of experience gained in the entire game.
 F = Experience gained in this place divided by the number of levels of this place that you have seen.
                   A       B       C       D       E      F
               +-------+-------+-------+-------+-------+----------------------
         Total | 100.0 | 100.0 |   N/A |   N/A | 100.0 | 373.4
       Dungeon |  86.2 |  86.2 |   N/A |   N/A |  95.3 | 400.5
         Sewer |  13.8 |  13.8 |   N/A |   N/A |   4.7 | 157.0
               +-------+-------+-------+-------+-------+----------------------

Table legend: (Time is in decaauts)
 A = Elapsed time spent in this place.
 B = Non-inter-level travel time spent in this place.
 C = Inter-level travel time spent in this place.
 D = Time resting spent in this place.
 E = Time spent auto-exploring this place.
 F = Levels seen in this place.
 G = Mean time per level.
                   A        B        C        D        E       F      G
               +--------+--------+--------+--------+--------+-----+--------+
         Total |   6356 |   6173 |    183 |     40 |   4687 |   9 |  706.2 |
       Dungeon |   5700 |   5517 |    183 |     40 |   4289 |   8 |  712.5 |
         Sewer |    655 |    655 |      0 |      0 |    398 |   1 |  655.0 |
               +--------+--------+--------+--------+--------+-----+--------+

Top non-repeatable levels by time:
     D:1: 1304 daAuts
     D:6: 890 daAuts
     D:2: 765 daAuts
     D:5: 747 daAuts
     D:3: 738 daAuts
   Sewer: 655 daAuts
     D:7: 632 daAuts
     D:4: 541 daAuts
     D:8: 81 daAuts
